 Dungeon Crawl Stone Soup version 0.32-a0-43-g058985b245 (webtiles) character file.

Game seed: 16339090022675923945

10479 pokeman the Eclecticist (level 11, -2/61 HPs)
             Began as a Deep Elf Hedge Wizard on Feb 4, 2024.
             Was a Priest of Vehumet.
             Slain by a vampire mosquito (4 damage)
             ... on level 11 of the Dungeon.
             The game lasted 00:32:37 (12286 turns).

pokeman the Eclecticist (Deep Elf Hedge Wizard)    Turns: 12286, Time: 00:32:38

Health: -2/61      AC:  4    Str:  7    XL:     11   Next: 36%
Magic:  25/32      EV: 12    Int: 24    God:    Vehumet [***...]
Gold:   456        SH:  0    Dex: 16    Spells: 27/40 levels left

rFire   + + .        w - +6 falchion "Poilorcheam" {protect, rC+ Dex+2 SInv}
rCold   + . .        (no shield)
rNeg    . . .        D - +0 leather armour {rPois}
rPois   +            c - +0 hat
rElec   .            a - +0 cloak
rCorr   .            (no gloves)
SInv    +            (no boots)
Will    +....        (no amulet)
Stlth   ++           l - ring of protection from fire
HPRegen 0.30/turn    z - ring of protection from fire
MPRegen 0.23/turn

%: no passive effects
@: on blink cooldown
A: no striking features
a: Renounce Religion


You were on level 11 of the Dungeon.
You worshipped Vehumet.
Vehumet was most pleased with you.
You visited 2 branches of the dungeon, and saw 13 of its levels.

You collected 633 gold pieces.
You spent 177 gold pieces at shops.

Inventory:

Hand Weapons
 w - the +6 falchion "Poilorcheam" (weapon) {protect, rC+ Dex+2 SInv}
   (You found it on level 3 of the Dungeon)

   Dex+2:     It affects your dexterity (+2).
   rC+:       It protects you from cold.
   SInv:      It lets you see invisible.
 S - a +0 demon whip of venom
Missiles
 g - 4 throwing nets
Armour
 a - a +0 cloak (worn)
 c - a +0 hat (worn)
 r - the +1 ring mail of Cegefy {Str+6}
   (You found it on level 2 of the Dungeon)

   Str+6:     It affects your strength (+6).
 s - the +2 robe "Qusitot" {Harm Int+3}
   (You found it on level 2 of the Dungeon)

   Int+3:     It affects your intelligence (+3).
   Harm:      It increases damage dealt and taken.
 A - +0 acid dragon scales
 D - a +0 leather armour of poison resistance (worn)
Magical Staves
 u - a staff of earth
 U - a staff of death
Jewellery
 l - a ring of protection from fire (left hand)
 y - a ring of see invisible
 z - a ring of protection from fire (right hand)
 F - a +6 ring of strength
 J - a ring of protection from fire
 O - a ring of ice
Wands
 v - a wand of polymorph (5)
 E - a wand of quicksilver (6)
 N - a wand of paralysis (4)
 P - a wand of mindburst (3)
 Q - a wand of iceblast (6)
Scrolls
 b - 2 scrolls of enchant weapon {unknown}
 e - 3 scrolls of identify {unknown}
 f - a scroll of acquirement {unknown}
 h - a scroll of noise {unknown}
 k - 2 scrolls of fog {unknown}
 n - 2 scrolls of amnesia {unknown}
 p - 7 scrolls of teleportation {unknown}
 q - 2 scrolls of brand weapon {unknown}
 B - 2 scrolls of blinking {unknown}
 H - a scroll of revelation {unknown}
 L - 2 scrolls of fear {unknown}
 M - a scroll of enchant armour {unknown}
 R - a scroll of vulnerability {unknown}
 T - a scroll of immolation {unknown}
Potions
 d - a potion of magic
 i - 3 potions of attraction {unknown}
 j - 6 potions of heal wounds
 m - 5 potions of curing
 o - 3 potions of degeneration
 t - 2 potions of might {unknown}
 x - a potion of haste {unknown}
 C - 3 potions of enlightenment {unknown}
 G - a potion of resistance {unknown}
 I - a potion of berserk rage {unknown}


   Skills:
 - Level 4.0 Fighting
 + Level 3.5 Armour
 - Level 3.0 Dodging
 - Level 3.0 Stealth
 - Level 3.0 Shields
 * Level 15.0 Spellcasting
 + Level 8.8 Conjurations
 - Level 1.1 Summonings
 - Level 1.0 Necromancy
 - Level 1.1 Translocations
 - Level 1.1 Ice Magic
 - Level 2.0 Air Magic
 + Level 7.9 Earth Magic
 - Level 1.1 Alchemy
 - Level 2.0 Evocations


You had 27 spell levels left.
You knew the following spells:

 Your Spells              Type           Power      Damage    Failure   Level
a - Magic Dart            Conj           100%       1d8       1%          1
b - Mephitic Cloud        Conj/Alch/Air  37%        N/A       1%          3
c - Call Imp              Summ           46%        N/A       4%          2
d - Blink                 Tloc           46%        N/A       4%          2
e - Summon Ice Beast      Ice/Summ       23%        N/A       9%          3
f - Mercury Vapours       Alch/Air       50%        N/A       1%          2

Your spell library contained the following spells:

 Spells                   Type           Power      Damage    Failure   Level
 Scorch                   Fire           36%        2d6       1%          2
 Frozen Ramparts          Ice            46%        1d7       2%          3
 Cigotuvi's Dreadful Rot  Necr/Alch/Air  48%        N/A       3%          2
 Slow                     Hex            72%        N/A       4%          1
 Lesser Beckoning         Tloc           46%        N/A       4%          2
 Jinxbite                 Hex            36%        N/A       7%          2
 Gell's Gravitas          Tloc           23%        N/A       9%          3
 Teleport Other           Tloc           23%        N/A       9%          3
 Tukima's Dance           Hex            18%        N/A       14%         3
 Yara's Violent Unravell  Hex/Alch       10%        3d6       24%         5
 Passage of Golubria      Tloc           23%        N/A       28%         4
 Silence                  Hex/Air        11%        N/A       63%         5
 Summon Mana Viper        Hex/Summ       20%        N/A       71%         5
 Sculpt Simulacrum        Ice/Alch       11%        N/A       99%         6
 Enfeeble                 Hex            9%         N/A       100%        7
 Monstrous Menagerie      Summ           11%        N/A       100%        7


Dungeon Overview and Level Annotations

Branches:
Dungeon (12/15)            Temple (1/1) D:6            Lair (0/5) D:10
    Orc (0/2) D:11

Altars:
Ashenzari
Cheibriados
Dithmenos
Elyvilon
Fedhas
Gozag
Hepliaklqana
Kikubaaqudgha
Makhleb
Nemelex Xobeh
Okawaru
Qazlal
Ru
Sif Muna
Trog
Uskayaw
Vehumet
Wu Jian
Xom
Yredelemnul
Zin
The Shining One

Shops:
D:2 !   D:4 !

Portals:
Trove: D:10 (give horn of Geryon)


Message History

You hit the vampire mosquito.
The vampire mosquito is almost destroyed.
The vampire mosquito bites you!
* * * LOW HITPOINT WARNING * * *
The vampire mosquito draws strength from your injuries!
The vampire mosquito bites you.
* * * LOW HITPOINT WARNING * * *
The vampire mosquito draws strength from your injuries!
Your ice beast hits the vampire mosquito.
Your ice beast freezes the vampire mosquito!
You miss the vampire mosquito.
The vampire mosquito is almost destroyed.
The vampire mosquito bites you but does no damage.
The vampire mosquito closely misses you.
Your ice beast barely misses the vampire mosquito.
The vampire mosquito bites you!
* * * LOW HITPOINT WARNING * * *
The vampire mosquito draws strength from your injuries!
Casting: Magic Dart (safe; 1% risk of failure)
Confirm with . or Enter, or press ? or * to list all spells.
You blink.
Unknown command.
Casting: Blink (safe; 4% risk of failure)
Confirm with . or Enter, or press ? or * to list all spells.
Aiming: Magic Dart (safe; 1% risk of failure)
Press: ? - help, Shift-Dir - straight line, f/p - vampire mosquito
Aim: a vampire mosquito (severely damaged, ally target, 100% to hit)
The magic dart hits the vampire mosquito.
The vampire mosquito is severely damaged.
The vampire mosquito barely misses you.
Unknown command.
Casting: Magic Dart (safe; 1% risk of failure)
Confirm with . or Enter, or press ? or * to list all spells.
Aiming: Magic Dart (safe; 1% risk of failure)
Press: ? - help, Shift-Dir - straight line, f/p - vampire mosquito
Aim: a vampire mosquito (severely damaged, ally target, 100% to hit)
The magic dart hits the vampire mosquito.
The vampire mosquito is severely damaged.
The vampire mosquito bites you.
You die...

.................###########.....
.................................
.................................
.....#########...................
.....# #......>............
.^...# #.>Y......#######...
####.# #.........#.....#...
#.#########..y......#.....#...
#............@......#.....#...
#...................'.....#...
#...................#.....#...
#.....#########...†.#.....#...
#.....# #.....#.....#... #.....#
#.....#######... #.....#
#...............
#.....#########...............
#.......|...................<.


You could see a vampire mosquito (ally target) and a friendly ice beast
(summoned).

Vanquished Creatures
  Snorg (D:10)
  A boulder beetle (D:11)
  A two-headed ogre (D:10)
  A manticore (D:7)
  A cyclops (D:11)
  A hornet (D:8)
  A troll (D:10)
  Sigmund (D:5)
  A wyvern (D:10)
  A vampire (D:10)
  A vampire mosquito (D:11)
  A steam dragon (D:9)
  Edmund (D:5)
  2 water moccasins
  6 orc warriors
  An ice beast (D:8)
  3 sky beasts (D:7)
  2 black bears
  3 wolves
  4 ogres
  3 centaurs
  A kobold brigand (D:9)
  4 gnoll sergeants
  3 bullfrogs
  Blork the orc (D:5)
  6 scorpions
  11 killer bees
  A howler monkey (D:9)
  3 hounds
  8 orc priests
  5 jellies
  Jessica (D:2)
  7 iguanas
  13 orc wizards
  11 adders
  23 gnolls
  2 shadow imps
  A white imp (D:8)
  7 dart slugs
  2 ribbon worms
  37 orcs
  4 endoplasms
  7 goblins
  4 hobgoblins
  10 kobolds
  2 quokkas
  6 ball pythons
  6 bats
  2 frilled lizards
  5 rats
230 creatures vanquished.

Vanquished Creatures (collateral kills)
  Amaemon (D:10)
  An orange demon (D:10)
  A fire bat (D:10)
  3 vampire mosquitoes (D:11)
  A wolf (D:10)
  A centaur (D:10)
  A killer bee (D:8)
  An orc priest (D:10)
  A gnoll (D:10)
11 creatures vanquished.

Vanquished Creatures (others)
  An electric eel (D:10)
  A quokka (D:4)
2 creatures vanquished.

Grand Total: 243 creatures vanquished

Notes
Turn   | Place    | Note
-------+----------+-------------------------------------------
     0 | D:1      | pokeman the Deep Elf Hedge Wizard began the quest for the
                  | Orb.
     0 | D:1      | Reached XP level 1. HP: 10/10 MP: 7/7
   615 | D:1      | Reached XP level 2. HP: 16/16 MP: 5/9
  1630 | D:2      | Reached skill level 5 in Spellcasting
  1638 | D:2      | Found Viupsyur's Distillery.
  1679 | D:2      | Bought a potion of heal wounds for 60 gold pieces
  1759 | D:2      | Noticed Jessica
  1763 | D:2      | Killed Jessica
  1764 | D:2      | Reached skill level 1 in Fighting
  1764 | D:2      | Reached skill level 1 in Armour
  1764 | D:2      | Reached XP level 3. HP: 20/20 MP: 7/11
  1768 | D:2      | Learned a level 3 spell: Mephitic Cloud
  1771 | D:2      | Learned a level 2 spell: Call Imp
  1774 | D:2      | Learned a level 2 spell: Blink
  1998 | D:2      | Reached XP level 4. HP: 25/25 MP: 3/13
  2276 | D:2      | Identified the +1 ring mail of Cegefy {Str+6}
  2293 | D:2      | Noticed a scorpion
  2309 | D:2      | Killed a scorpion
  2310 | D:2      | Reached skill level 6 in Spellcasting
  2310 | D:2      | Reached XP level 5. HP: 26/29 MP: 9/15
  2453 | D:2      | Identified the +2 robe "Qusitot" {Harm Int+3}
  2961 | D:3      | Found a faded altar of an unknown god.
  3302 | D:3      | Identified the +6 falchion "Poilorcheam" {protect, rC+
                  | Dex+2 SInv}
  3415 | D:3      | Reached XP level 6. HP: 30/34 MP: 8/17
  3600 | D:4      | Reached skill level 1 in Shields
  3657 | D:4      | Found a white marble altar of Elyvilon.
  3720 | D:4      | Reached skill level 7 in Spellcasting
  3905 | D:4      | Reached skill level 1 in Alchemy
  3978 | D:4      | Reached XP level 7. HP: 38/38 MP: 16/19
  4191 | D:4      | Found Quwkucwa's Distillery.
  4215 | D:4      | Bought a potion of heal wounds for 65 gold pieces
  4215 | D:4      | Bought a potion of curing for 39 gold pieces
  4215 | D:4      | Bought a potion of degeneration for 13 gold pieces
  4343 | D:5      | Entered Level 5 of the Dungeon
  4343 | D:5      | Found an ornate altar of the Wu Jian Council.
  4351 | D:5      | Reached skill level 1 in Air Magic
  4351 | D:5      | Reached skill level 1 in Earth Magic
  4351 | D:5      | Reached skill level 1 in Evocations
  4456 | D:4      | Reached skill level 8 in Spellcasting
  4540 | D:5      | Noticed Blork the orc
  4555 | D:5      | Killed Blork the orc
  4588 | D:5      | Reached XP level 8. HP: 44/44 MP: 5/22
  4669 | D:5      | Noticed Sigmund
  4679 | D:5      | Killed Sigmund
  4680 | D:5      | Reached skill level 9 in Spellcasting
  4872 | D:5      | Noticed Edmund
  4887 | D:5      | Killed Edmund
  4898 | D:5      | Reached skill level 5 in Conjurations
  4951 | D:5      | Identified the +11 plate armour "Ziboriwk" {-Cast Dex+5}
  5031 | D:5      | Found a basalt altar of Yredelemnul.
  5139 | D:5      | Found a hazy altar of Hepliaklqana.
  5441 | D:6      | Reached skill level 10 in Spellcasting
  5574 | D:6      | Reached XP level 9. HP: 33/48 MP: 14/25
  5691 | D:6      | Found a shadowy altar of Dithmenos.
  5697 | D:6      | Found a snail-covered altar of Cheibriados.
  5875 | D:6      | Identified the +0 leather armour of the Pit {Str+2 Slay+3}
  5965 | D:6      | Found a staircase to the Ecumenical Temple.
  5974 | Temple   | Entered the Ecumenical Temple
  5995 | Temple   | Became a worshipper of Vehumet
  6282 | D:7      | Noticed a manticore
  6542 | D:7      | Reached skill level 11 in Spellcasting
  6771 | D:7      | Killed a manticore
  6772 | D:7      | Reached skill level 5 in Earth Magic
  7018 | D:7      | Got the Parchment of Anemomancy and the Glacier
  7284 | D:8      | HP: 2/48 [water moccasin (5)]
  7537 | D:8      | Reached skill level 12 in Spellcasting
  7677 | D:8      | Reached * piety under Vehumet
  7677 | D:8      | Offered knowledge of Sandblast by Vehumet.
  7851 | D:8      | Reached XP level 10. HP: 38/53 MP: 19/28
  8115 | D:8      | Found a stormy altar of Qazlal.
  8846 | D:9      | Offered knowledge of Momentum Strike by Vehumet.
  8847 | D:9      | Reached skill level 13 in Spellcasting
  8892 | D:9      | Reached ** piety under Vehumet
  9104 | D:9      | Reached skill level 1 in Necromancy
  9522 | D:10     | Entered Level 10 of the Dungeon
  9522 | D:10     | Found a staircase to the Lair.
  9665 | D:10     | Noticed Snorg
  9672 | D:10     | Learned a level 3 spell: Summon Ice Beast
  9675 | D:10     | Learned a level 2 spell: Mercury Vapours
  9688 | D:10     | Noticed a two-headed ogre
  9704 | D:10     | Killed a two-headed ogre
  9731 | D:10     | Killed Snorg
  9896 | D:10     | Noticed an orange demon
  9897 | D:10     | Noticed Amaemon
  9910 | D:10     | Reached skill level 14 in Spellcasting
  9927 | D:10     | Killed an orange demon
 10234 | D:10     | Reached XP level 11. HP: 43/60 MP: 26/31
 10289 | D:10     | Offered knowledge of Scorch by Vehumet.
 10520 | D:10     | Found a portal to a secret trove of treasure.
 10540 | D:10     | Killed Amaemon
 11159 | D:11     | Found a staircase to the Orcish Mines.
 11248 | D:11     | Noticed a boulder beetle
 11269 | D:11     | Killed a boulder beetle
 11269 | D:11     | Reached *** piety under Vehumet
 11270 | D:11     | Reached skill level 1 in Ice Magic
 11747 | D:11     | Reached skill level 15 in Spellcasting
 12283 | D:11     | HP: 1/61 [vampire mosquito (9)]
 12286 | D:11     | Slain by a vampire mosquito

Illustrated notes

Levels and vault maps discovered:
D:1:      psy_arrival_radial02, layout_basic
D:2:      layout_loops_cross, serial_shops, nicolae_shop_tiny_waterfront,
          minmay_bisected, uniq_jessica
D:3:      layout_rooms, dreamdust_ecumenical_altar_statues
D:4:      layout_rooms, elyvilon_altar_5, serial_shops, kennysheep_little_box
D:5:      minmay_evil_eye, layout_cave_pools, nzn_hepliaklqana_mist_gate,
          yredelemnul_altar_generic, mainiacjoe_overflow_alcove_1, uniq_edmund,
          uniq_sigmund, uniq_blork_the_orc
D:6:      layout_rooms, minitemple, lemuel_temple_firewalk_b,
          serial_bayou_pond_e
D:7:      layout_loops_cross
D:8:      layout_loops_corners, grunt_qazlal_clouds
D:9:      layout_irregular_city, eino_jars
D:10:     layout_basic, erik_lair_orcish_takeover, serial_bayou,
          serial_bayou_lagoon_a, serial_bayou_pond_e, serial_bayou_pond_a,
          serial_bayou_ford_a, nicolae_trove_entry_crossroad, uniq_amaemon,
          uniq_snorg
D:11:     layout_irregular_city, minmay_orc_entry_guard_dogs
D:12:     layout_small_grid, gammafunk_ghost_abyssal_escape, feat_on_display
Temple:   hellmonk_temple_of_storms

Skill      XL: |  1  2  3  4  5  6  7  8  9 10 11 |
---------------+----------------------------------+-----
Spellcasting   | 5 6 7 8 10 12 14 15 | 15.0
Fighting       | 1 2 3 4 |  4.0
Armour         | 1 2 3 |  3.5
Conjurations   | 2 3 4 5 7 8 |  8.8
Dodging        | 3 |  3.0
Shields        | 1 2 3 |  3.0
Stealth        | 3 |  3.0
Alchemy        | 1 |  1.1
Air Magic      | 2 |  2.0
Earth Magic    | 2 4 5 7 |  7.9
Evocations     | 2 |  2.0
Necromancy     | 1 |  1.0
Ice Magic      | 1 |  1.1
Summonings     | |  1.1
Translocations | |  1.1

Action                     |  1- 3 |  4- 6 |  7- 9 | 10-12 || total
---------------------------+-------+-------+-------+-------++-------
  Melee: Short sword       |     6 |    23 |       |       ||    29
         Falchion          |       |    12 |   146 |   154 ||   312
         Flail             |       |     2 |       |       ||     2
         Punch             |       |     1 |     2 |     3 ||     6
         Demon whip        |       |       |       |     4 ||     4
   Cast: Magic Dart        |    64 |   109 |   147 |   140 ||   460
         Mephitic Cloud    |     1 |    10 |    30 |    46 ||    87
         Call Imp          |       |       |     2 |     2 ||     4
         Blink             |       |       |     1 |     2 ||     3
         Mercury Vapours   |       |       |       |    21 ||    21
         Summon Ice Beast  |       |       |       |    14 ||    14
  Evoke: Wand              |       |       |     1 |     7 ||     8
    Use: Potion            |       |       |     1 |       ||     1
   Stab: Sleeping          |     1 |       |       |       ||     1
         Confused          |       |     2 |    19 |    28 ||    49
 Armour: Robe              |     3 |    19 |    37 |       ||    59
         Leather armour    |       |       |    71 |   149 ||   220
  Dodge: Dodged            |    11 |    25 |   130 |   111 ||   277

Table legend: (Time is in decaauts)
 A = Elapsed time spent in this place.
 B = Non-inter-level travel time spent in this place.
 C = Inter-level travel time spent in this place.
 D = Time resting spent in this place.
 E = Time spent auto-exploring this place.
 F = Levels seen in this place.
 G = Mean time per level.
                   A        B        C        D        E       F      G
               +--------+--------+--------+--------+--------+-----+--------+
         Total |  12404 |  11910 |    494 |    609 |   9313 |  13 |  954.2 |
       Dungeon |  12361 |  11907 |    454 |    609 |   9313 |  12 | 1030.1 |
        Temple |     42 |      2 |     40 |      0 |      0 |   1 |   42.0 |
               +--------+--------+--------+--------+--------+-----+--------+

Top non-repeatable levels by time:
     D:1: 1708 daAuts
    D:10: 1437 daAuts
     D:9: 1414 daAuts
     D:8: 1152 daAuts
    D:11: 1142 daAuts
     D:2: 1122 daAuts
     D:5: 954 daAuts
     D:6: 923 daAuts
     D:4: 870 daAuts
     D:7: 860 daAuts
     D:3: 755 daAuts
  Temple: 42 daAuts
    D:12: 19 daAuts
